 Dungeon Crawl Stone Soup version 0.19-a0-599-g723c685 (webtiles) character file.

679 Ajdolov the Cleaver (level 7, -6/52 HPs)
             Began as a Formicid Fighter on June 11, 2016.
             Killed by divine providence
             ... invoked by an orc priest
              (15 damage)
             ... on level 5 of the Dungeon.
             The game lasted 00:06:59 (4003 turns).

Ajdolov the Cleaver (Formicid Fighter)              Turns: 4003, Time: 00:07:00

Health: -6/52      AC: 11    Str: 20    XL:     7   Next: 92%
Magic:  7/7        EV:  7    Int:  8    God:
Gold:   199        SH:  4    Dex: 12    Spells: 0 memorised, 6 levels left

rFire  . . .     SeeInvis +     a - +0 war axe
rCold  . . .     Gourm    .     m - +0 chain mail
rNeg   . . .     Faith    .     i - +0 buckler
rPois  .         Spirit   .     (helmet unavailable)
rElec  .         Dismiss  .     F - +0 cloak
rCorr  .         Reflect  .     (no gloves)
SustAt .         Harm     .     y - +0 pair of boots
MR     .....                    (no amulet)
Stlth  ..........               (no ring)
                                (no ring)

@: not resistant to hostile enchantments, extremely unstealthy
A: permanent stasis, dig shafts and tunnels, four strong arms, antennae 3
a: Dig, Shaft Self


You were on level 5 of the Dungeon.
You were not hungry.

You visited 1 branch of the dungeon, and saw 5 of its levels.

You collected 199 gold pieces.

Inventory:

Hand Weapons
 a - a +0 war axe (weapon)
Armour
 c - a +0 shield
 i - a +0 buckler (worn)
 m - a +0 chain mail (worn)
 y - a +0 pair of boots (worn)
 F - a +0 cloak (worn)
Wands
 G - a wand of random effects (22/48)
Scrolls
 g - a scroll of immolation {unknown}
 h - 2 scrolls of random uselessness {unknown}
 l - a scroll of blinking {unknown}
 n - 4 scrolls of identify {unknown}
 p - 2 scrolls of enchant weapon {unknown}
 q - 2 scrolls of fear {unknown}
 r - a scroll of amnesia {unknown}
 t - 2 scrolls of recharging {unknown}
 v - a scroll of remove curse {unknown}
 D - a scroll of fog {unknown}
Potions
 d - a potion of might
 e - 2 potions of ambrosia {unknown}
 j - 2 potions of heal wounds {unknown}
 k - 6 potions of curing {unknown}
 o - a potion of experience {unknown}
 s - a potion of invisibility {unknown}
 u - a potion of beneficial mutation {unknown}
 x - 2 potions of brilliance {unknown}
 A - a potion of lignification {unknown}
 B - a potion of resistance {unknown}
 C - a potion of degeneration {unknown}
 E - a potion of flight {unknown}
Comestibles
 b - 4 meat rations
 f - 3 bread rations
 w - a slice of pizza
 z - 2 chunks of flesh


   Skills:
 - Level 3.2 Fighting
 + Level 8.3 Axes
 - Level 3.2 Armour
 - Level 3.6 Shields


You had 6 spell levels left.
You didn't know any spells.

Dungeon Overview and Level Annotations

Branches:
Dungeon (5/15)
 Temple: D:4-7

Altars:
Dithmenos
Hepliaklqana
Nemelex Xobeh
Sif Muna
Yredelemnul
The Shining One


Innate Abilities, Weirdness & Mutations

You are under a permanent stasis effect.
You can dig through walls and to a lower floor.
Your four strong arms can wield two-handed weapons with a shield.
You have a pair of large antennae on your head. (SInv)


Message History

An orc priest and a zombie come into view.
The orc priest is wielding a dagger of speed.
The adder zombie moves out of view.
The orc hits you but does no damage.
The orc priest invokes the aid of Beogh against you.
Beogh smites you!
You slash the orc!
You kill the orc!
The orc shouts!
You block the orc priest's attack.
Things that are here:
a club; an orc corpse The orc priest mumbles some strange prayers to Beogh against you.
Pain shoots through your body!
* * * LOW HITPOINT WARNING * * *
The orc wizard casts a spell at you. The puff of flame hits you!
* * * LOW HITPOINT WARNING * * *
The orc priest mumbles some strange prayers to Beogh against you.
Beogh smites you!
You die...

####.# #.#### #.##.# ########
####.##.# #...[..# ........#
#......# ####'##+## #......#
. #......# #......# ..
#......# #.o....####...
###......#######@oZo.........
.........'.......o...........
###......############).......
..'......# #..[..###
###......# #.?......
.........# #........
#######8.8# .o###.... #
...... ..# .### # ...... ..#
♣


You could see 2 orc priests, an orc wizard, an orc and an adder zombie.

Vanquished Creatures
  A sky beast (D:4)
  An ogre (D:4)
  2 centaurs
  A crimson imp (D:5)
  A hound (D:4)
  2 giant frog skeletons
  Crazy Yiuf (D:4)
  Jessica (D:2)
  A hound skeleton (D:4)
  4 adders
  An adder skeleton (D:4)
  A worm (D:4)
  4 giant geckos
  8 orcs
  2 ball pythons (D:1)
  6 giant cockroaches
  7 goblins
  8 hobgoblins
  20 jackals
  4 kobolds
  A quokka (D:5)
  8 bats
  A giant gecko skeleton (D:5)
  4 giant newts
  9 rats
  2 fungi (D:4)
101 creatures vanquished.

Notes
Turn   | Place    | Note
--------------------------------------------------------------
     0 | D:1      | Ajdolov the Formicid Fighter began the quest for the Orb.
     0 | D:1      | Reached XP level 1. HP: 18/18 MP: 1/1
   103 | D:1      | Reached XP level 2. HP: 23/24 MP: 2/2
   196 | D:1      | Reached skill level 3 in Axes
   466 | D:1      | Reached XP level 3. HP: 29/29 MP: 3/3
   786 | D:2      | Noticed Jessica
   790 | D:2      | Killed Jessica
   790 | D:2      | Reached skill level 4 in Axes
   790 | D:2      | Reached XP level 4. HP: 35/35 MP: 4/4
   875 | D:2      | Found a deep blue altar of Sif Muna.
  1173 | D:2      | Reached XP level 5. HP: 41/41 MP: 5/5
  1394 | D:3      | Found a hazy altar of Hepliaklqana.
  1426 | D:3      | Reached skill level 5 in Axes
  2027 | D:3      | Found a sparkling altar of Nemelex Xobeh.
  2118 | D:3      | Noticed a centaur
  2126 | D:3      | Killed a centaur
  2126 | D:3      | Reached skill level 6 in Axes
  2126 | D:3      | Reached XP level 6. HP: 15/47 MP: 6/6
  2744 | D:4      | Noticed a sky beast
  2754 | D:4      | Killed a sky beast
  2754 | D:4      | Reached skill level 7 in Axes
  2754 | D:4      | Reached XP level 7. HP: 43/52 MP: 7/7
  2989 | D:4      | Found a basalt altar of Yredelemnul.
  3000 | D:4      | Found a glowing golden altar of the Shining One.
  3002 | D:4      | Noticed an angel
  3426 | D:4      | Noticed Crazy Yiuf
  3431 | D:4      | Killed Crazy Yiuf
  3671 | D:5      | Entered Level 5 of the Dungeon
  3695 | D:5      | Reached skill level 8 in Axes
  3732 | D:5      | Found a shadowy altar of Dithmenos.
  4003 | D:5      | Killed from afar by an orc priest

Vault maps used:
D:1:      dpeg_arrival_simpleton_b
D:2:      led_sif_pool, first_bread, uniq_jessica
D:3:      overflow_temple_1_default, lemuel_round_altar
D:4:      grunt_temple_overflow_holy_war, nicolae_zen_rock_garden,
          uniq_crazy_yiuf_cottage
D:5:      kennysheep_mini_moat, lemuel_temple_firewalk_marked,
          minmay_tree_intersection, johnstein_pakellas_dig

Skill      XL: |  1  2  3  4  5  6  7 |
---------------+----------------------+-----
Axes           | 3 4 6 7 8 |  8.3
Fighting       | |  3.2
Armour         | |  3.2
Shields        | |  3.6

Action                   |  1- 3 |  4- 6 |  7- 9 || total
-------------------------+-------+-------+-------++-------
Melee: War axe           |    65 |   169 |    77 ||   311
  Eat: Chunk             |       |     6 |     4 ||    10
Armor: Scale mail        |    12 |       |       ||    12
       Chain mail        |    33 |   102 |    33 ||   168
Dodge: Dodged            |    22 |    79 |    10 ||   111
Block: Buckler           |    10 |    39 |    17 ||    66
